 Dungeon Crawl Stone Soup version 0.31.0-2-g5a2aebc5c2 (webtiles) character file.

Game seed: 16573302599663645768

41706 mtoz the Protected (level 13, 0/122 HPs)
             Began as a Minotaur Fighter on Jan 20, 2024.
             Was a High Priest of Jiyva.
             Killed by divine providence
             ... invoked by a daeva
              (10 damage)
             ... on level 3 of the Abyss on Jan 21, 2024.
             The game lasted 01:21:59 (13096 turns).

mtoz the Protected (Minotaur Fighter)              Turns: 13096, Time: 01:21:59

Health: 0/122      AC: 19    Str: 33 (34) XL:     13   Next: 81%
Magic:  12/12      EV:  8    Int:  2 (3)  God:    Jiyva [*****.]
Gold:   855        SH:  6    Dex:  3 (4)  Spells: 12/12 levels left

rFire   + . .        i - +7 war axe of Wyrd {spect, rElec}
rCold   x . .        c - +0 buckler
rNeg    . . .        f - +0 plate armour
rPois   .            (helmet restricted)
rElec   +            l - +1 cloak
rCorr   +            S - +2 pair of gloves "Magolur" {^Contam Will+ Stlth+}
SInv    .            (no boots)
Will    ++...        a - amulet of magic regeneration Stlth
                     g - ring of protection from fire
HPRegen 4.24/turn    n - ring of willpower
MPRegen 1.25/turn

%: no passive effects
@: about to teleport, calling ooze
A: horns 2, retaliatory headbutt, iridescent scales 1, regeneration 3,
electricity resistance, strong 2, pseudopods 3, translucent skin 1, no potion
heal 1, [clumsy 2], [deformed body], [deterioration 1], [screaming 2], [cold
vulnerability 1], [inability to read after injury 2]
a: Renounce Religion, Oozemancy, Slimify


You were on level 3 of the Abyss.
You worshipped Jiyva.
Jiyva was extremely pleased with you.
You visited 7 branches of the dungeon, and saw 23 of its levels.
You visited the Abyss 1 time.
You also visited: Sewer.

You collected 855 gold pieces.

Inventory:

Hand Weapons
 i - the +7 war axe of Wyrd (weapon) {spect, rElec}
   (You found it on level 5 of the Dungeon)

   rElec:     It insulates you from electricity.
 O - a +7 demon trident
Missiles
 A - 5 datura-tipped darts
Armour
 b - a +0 cloak
 c - a +0 buckler (worn)
 f - a +0 plate armour (worn)
 l - a +1 cloak (worn)
 r - a scarf of shadows
 y - the +4 skin of Zhor {*Englaciate rC+++ SInv}
   (You found it on level 1 of the Lair of Beasts)

   *Englaciate: It radiates cold, occasionally slowing all nearby creatures who
   are not resistant to cold.
   rC+++:     It renders you almost immune to cold.
   SInv:      It lets you see invisible.
 S - the +2 pair of gloves "Magolur" (worn) {^Contam Will+ Stlth+}
   (You found it on level 4 of the Lair of Beasts)

   Will+:     It increases your willpower.
   ^Contam:   It causes magical contamination when unequipped.
   Stlth+:    It makes you more stealthy.
Jewellery
 a - an amulet of magic regeneration (around neck)
 g - a ring of protection from fire (left hand)
 h - a +6 ring of dexterity
 n - a ring of willpower (right hand)
 q - a ring of poison resistance
 G - a ring of see invisible
 H - a ring of ice
 Z - an amulet of the acrobat
Talismans
 m - a blade talisman
Wands
 F - a wand of digging (2)
Scrolls
 e - 2 scrolls of poison
 p - 2 scrolls of enchant weapon
 t - 3 scrolls of fog
 v - 2 scrolls of teleportation
 w - 4 scrolls of revelation
 x - 2 scrolls of torment
 E - a scroll of silence
 I - a scroll of vulnerability
 M - a scroll of butterflies
 N - a scroll of amnesia
 X - a scroll of fear {unknown}
Potions
 d - 2 potions of might
 j - 4 potions of brilliance
 k - 2 potions of attraction
 s - 4 potions of magic
 u - a potion of mutation
 z - a potion of cancellation {unknown}
 C - 2 potions of enlightenment
 D - a potion of resistance {unknown}
 J - 2 potions of curing
 P - a potion of berserk rage {unknown}
Miscellaneous
 K - a lightning rod (4/4) (quivered)
 R - a box of beasts (inert)


   Skills:
 + Level 13.5 Fighting
 + Level 13.3 Axes
 + Level 10.7 Throwing
 + Level 13.6 Armour
 + Level 13.5 Shields


You had 12 spell levels left.
You didn't know any spells.
Your spell library contained the following spells:

 Spells                   Type           Power      Damage    Failure   Level
 Apportation              Tloc           0%         N/A       98%         1
 Jinxbite                 Hex            0%         N/A       99%         2
 Mercury Vapours          Alch/Air       0%         N/A       99%         2
 Inner Flame              Hex/Fire       0%         N/A       100%        3
 Mephitic Cloud           Conj/Alch/Air  0%         N/A       100%        3
 Flame Wave               Conj/Fire      0%         2d4       100%        4
 Sticky Flame             Fire/Alch      0%         2d4       100%        4
 Alistair's Intoxication  Alch           0%         N/A       100%        5
 Freezing Cloud           Conj/Ice/Air   0%         6-21      100%        5
 Irradiate                Conj/Alch      0%         3d11      100%        5
 Ignition                 Fire           0%         3d3       100%        8


Dungeon Overview and Level Annotations

Branches:
Dungeon (10/15)            Temple (1/1) D:4            Lair (4/5) D:8
 Shoals (1/4) Lair:2        Snake (1/4) Lair:3        Slime (5/5) Lair:4
    Orc (1/2) D:10          Sewer (visited)

Altars:
Ashenzari
Cheibriados
Dithmenos
Elyvilon
Fedhas
Gozag
Hepliaklqana
Kikubaaqudgha
Makhleb
Nemelex Xobeh
Okawaru
Qazlal
Ru
Sif Muna
Trog
Uskayaw
Vehumet
Wu Jian
Xom
Yredelemnul
Zin
The Shining One
Jiyva

Shops:
D:10 ?

Annotations:
Slime:5 Royal Jelly
Orc:1 Erolcha


Innate Abilities, Weirdness & Mutations

You have a pair of horns on your head.
You reflexively headbutt those who attack you in melee.
You are partially covered in iridescent scales. (AC +2)
You regenerate.
You are resistant to electric shocks. (rElec)
Your muscles are very strong. (Str +8, Int/Dex -2)
Armour fits poorly on your massive pseudopods.
Your translucent skin slightly reduces your foes' accuracy. (Stealth+)
Potions are less effective at restoring your health.
[You are very clumsy. (Dex -4)]
[Armour fits poorly on your strangely shaped body.]
[Your body sometimes deteriorates upon taking damage.]
[You frequently scream uncontrollably at your foes.]
[You are vulnerable to cold. (rC-)]
[You sometimes lose the ability to read scrolls when taking damage.]


Message History

Your system partially rejects the healing.
You feel better.
The walls burn the angel!
The angel hits you with a +0 whip of holy wrath.
* * * LOW HITPOINT WARNING * * *
The angel hits you with a +0 whip of holy wrath.
* * * LOW HITPOINT WARNING * * *
The wall burns the angel!
The walls burn the tentacled starspawn!
The wall burns the daeva!
The wall burns the large abomination!
You block the large abomination's attack.
The walls burn the angel!
The angel hits you with a +0 whip of holy wrath.
* * * LOW HITPOINT WARNING * * *
The angel hits you with a +0 whip of holy wrath.
* * * LOW HITPOINT WARNING * * *
The wall burns the angel!
Your system partially rejects the healing.
You feel better.
The walls burn the angel!
The angel hits you but does no damage. x2
The walls burn the tentacled starspawn!
The wall burns the angel!
You block the angel's attack. x2; The wall burns the large abomination!
The large abomination closely misses you.
You furiously retaliate!
You headbutt the large abomination, but do no damage.
The wall burns the daeva!
The daeva calls down the wrath of Xom upon you.
Xom smites you!
* * * LOW HITPOINT WARNING * * *
The wall burns the daeva!
The daeva calls down the wrath of Xom upon you.
Xom smites you!
* * * LOW HITPOINT WARNING * * *
Okay, then.
Blink to where?
Press: ? - help, Dir - move target, p - daeva
Found three runelights.
As you read the scroll of blinking, it crumbles to dust.
The wall burns the angel!
The wall burns the daeva!
The daeva calls down the wrath of Xom upon you.
Xom smites you!
You die...

. .# .§. #§. #⌠⌠
#⌠# #.# #.# #.#@#
#.§.# ......#.# ##
..##....# .##
##...##.#...##. ###
#####.#.##..#.♣..'#
#....
##.....##AXA.♣..#
[.
..#.#..#>.#AAX..♣ #
..#........#.#.♣..♣


You could see a daeva, 2 angels and a large abomination.

Vanquished Creatures
  A tentacled starspawn (Abyss:3)
  Gastronok (Lair:2)
  A cacodemon (Abyss:3)
  5 hydras
  2 boulder beetles
  3 catoblepae
  Erica (D:10)
  A two-headed ogre (D:10)
  13 death yaks
  Urug (Lair:3)
  Sonja (Lair:1)
  A fire crab (Lair:4)
  A skyshark (Lair:4)
  A large abomination (Abyss:3)
  3 black mambas (Lair:3)
  A naga mage (Snake:1)
  A gargoyle (D:10)
  9 cane toads
  4 torpor snails
  4 komodo dragons
  5 rime drakes
  A polar bear (Lair:2)
  12 blink frogs
  2 dream sheep (Lair:2)
  An air elemental (Abyss:3)
  5 wyverns
  A ynoxinul (Abyss:3)
  14 yaks
  4 basilisks
  18 water moccasins
  A black bear (D:6)
  5 orc warriors
  2 ice beasts
  A sky beast (D:6)
  10 wolves
  2 centaurs
  6 phantoms
  A kobold brigand (D:10)
  15 bullfrogs
  3 scorpions
  3 necrophages (Lair:4)
  6 wights
  8 killer bees
  An electric eel (D:7)
  2 vampire bats (Lair:3)
  A quasit (Abyss:3)
  2 bombardier beetles
  3 jellies
  6 orc priests
  2 hounds
  A sleepcap (D:6)
  3 iguanas
  8 orc wizards
  11 adders
  7 gnolls (D:5)
  2 ufetubi (D:7)
  4 dart slugs
  6 ribbon worms
  45 orcs
  11 bats
  13 endoplasms
  9 giant cockroaches
  16 goblins
  2 hobgoblins
  3 jackals (D:2)
  12 kobolds
  6 quokkas
  11 ball pythons
  8 frilled lizards
  9 rats
  A butterfly (Lair:2)
386 creatures vanquished.

Vanquished Creatures (collateral kills)
  2 yaks (Lair:3)
  A water moccasin (Lair:3)
  A jelly (Lair:3)
  A spectral weapon (Lair:3)
5 creatures vanquished.

Vanquished Creatures (others)
  An acid blob (Lair:1)
  3 death yaks (Lair:1)
  A sea snake (shapeshifter) (Abyss:2)
  A sun moth (shapeshifter) (Abyss:2)
  A manticore (shapeshifter) (Abyss:2)
  A wyvern (D:10)
  A basilisk (D:8)
  A redback (shapeshifter) (Abyss:2)
  5 yaks
  A water moccasin (Lair:1)
  A wolf (Lair:1)
  A scorpion (D:6)
  A bullfrog (Lair:2)
  32 jellies
  A hound (D:5)
  An iguana (D:7)
  An orc wizard (D:7)
  A white imp (D:5)
  An endoplasm (D:4)
  3 orcs
  4 kobolds (D:10)
  2 spectral weapons (Abyss:3)
  4 starspawn tentacles (Abyss:3)
69 creatures vanquished.

Grand Total: 460 creatures vanquished

Notes
Turn   | Place    | Note
-------+----------+-------------------------------------------
     0 | D:1      | mtoz the Minotaur Fighter began the quest for the Orb.
     0 | D:1      | Reached XP level 1. HP: 19/19 MP: 0/0
    86 | D:1      | Reached XP level 2. HP: 27/27 MP: 1/1
   539 | D:1      | Reached XP level 3. HP: 27/33 MP: 2/2
   895 | D:2      | Reached XP level 4. HP: 40/40 MP: 3/3
  1729 | D:3      | Reached XP level 5. HP: 47/47 MP: 4/4
  2097 | D:3      | Reached skill level 5 in Fighting
  2177 | D:3      | Reached skill level 5 in Armour
  2177 | D:3      | Reached skill level 5 in Shields
  2180 | D:3      | Reached XP level 6. HP: 30/56 MP: 5/5
  2641 | D:4      | Reached skill level 1 in Throwing
  2691 | D:4      | Reached XP level 7. HP: 42/61 MP: 6/6
  2825 | D:4      | Found a glowing drain.
  2829 | Sewer    | Entered a sewer
  2963 | Sewer    | Reached skill level 5 in Axes
  3029 | Sewer    | Found a viscous altar of Jiyva.
  3112 | Sewer    | Became a worshipper of Jiyva Juih the Shapeless
  3342 | D:4      | Found a staircase to the Ecumenical Temple.
  3349 | Temple   | Entered the Ecumenical Temple
  3903 | D:5      | Entered Level 5 of the Dungeon
  3904 | D:5      | Found a hide-covered altar of Uskayaw.
  4047 | D:5      | Reached * piety under Jiyva
  4155 | D:5      | Found a bloodstained altar of Trog.
  4170 | D:5      | Reached XP level 8. HP: 5/71 MP: 7/7
  4219 | D:5      | Found an iron altar of Okawaru.
  4335 | D:5      | Identified the +7 war axe of Wyrd {spect, rElec}
  4344 | D:5      | Gained mutation: You have an increased reservoir of magic.
                  | (+10% MP) [potion of mutation]
  4344 | D:5      | Gained mutation: You are resistant to electric shocks.
                  | (rElec) [potion of mutation]
  4774 | D:5      | Reached ** piety under Jiyva
  5375 | D:6      | Reached *** piety under Jiyva
  5375 | D:6      | Gained mutation: A frigid envelope surrounds you and
                  | freezes all who hurt you. [Jiyva's grace]
  5375 | D:6      | Gained mutation: You have a small jelly attached to you
                  | that senses nearby items. [Jiyva's grace]
  5375 | D:6      | Gained mutation: You have large cloven feet. [Jiyva's
                  | grace]
  5375 | D:6      | Gained mutation: You have hoof-like feet. [Jiyva's grace]
  5760 | D:7      | Reached XP level 9. HP: 79/79 MP: 8/8
  5984 | D:7      | Reached **** piety under Jiyva
  6002 | D:7      | Found a broken altar of Ashenzari.
  6300 | D:8      | Noticed a death yak
  6306 | D:8      | Slimified a death yak
  6306 | D:8      | a death yak changed into an acid blob
  6306 | D:8      | Noticed an acid blob
  6312 | D:8      | Found a staircase to the Lair.
  6317 | D:8      | Reached skill level 5 in Throwing
  6319 | D:8      | Lost mutation: You have hoof-like feet. [Jiyva's grace]
  6319 | D:8      | Lost mutation: You have an increased reservoir of magic.
                  | (+10% MP) [Jiyva's grace]
  6319 | D:8      | Gained mutation: Armour fits poorly on your pseudopods.
                  | [Jiyva's grace]
  6319 | D:8      | Gained mutation: Armour fits poorly on your large
                  | pseudopods. [Jiyva's grace]
  6319 | D:8      | Gained mutation: Armour fits poorly on your massive
                  | pseudopods. [Jiyva's grace]
  6319 | D:8      | Gained mutation: You are somewhat resistant to further
                  | mutation. [Jiyva's grace]
  6418 | D:8      | Found an ancient bone altar of Kikubaaqudgha.
  6510 | D:8      | Identified the +0 ring mail of Siukkoutt {rC+ Int+3}
  6641 | Lair:1   | Entered Level 1 of the Lair of Beasts
  6641 | Lair:1   | Noticed Sonja
  6646 | Lair:1   | Killed Sonja
  6679 | Lair:1   | Found the +4 skin of Zhor {*Englaciate rC+++ SInv}
  6680 | Lair:1   | Noticed a rime drake
  6683 | Lair:1   | Noticed a rime drake
  6787 | Lair:1   | Reached XP level 10. HP: 82/90 MP: 9/9
  6868 | Lair:1   | Noticed a death yak
  6869 | Lair:1   | Noticed a death yak
  6869 | Lair:1   | Noticed a death yak
  6872 | Lair:1   | Noticed a death yak
  6874 | Lair:1   | Noticed a cane toad
  6874 | Lair:1   | Noticed a death yak
  6875 | Lair:1   | Killed a death yak
  6875 | Lair:1   | Noticed a death yak
  6876 | Lair:1   | Killed a cane toad
  6876 | Lair:1   | Killed a death yak
  6879 | Lair:1   | Slimified a death yak
  6879 | Lair:1   | a death yak changed into an acid blob
  6879 | Lair:1   | Noticed an acid blob
  6879 | Lair:1   | Killed a death yak
  6881 | Lair:1   | Killed a death yak
  6885 | Lair:1   | Killed a death yak
  6890 | Lair:1   | Reached skill level 10 in Armour
  6892 | Lair:1   | Noticed a cane toad
  6895 | Lair:1   | Reached skill level 10 in Fighting
  6896 | Lair:1   | Killed a cane toad
  6897 | Lair:1   | Reached XP level 11. HP: 72/99 MP: 10/10
  6902 | Lair:1   | Noticed a catoblepas
  6904 | Lair:1   | Killed an acid blob
  6905 | Lair:1   | Reached skill level 10 in Shields
  6929 | Lair:1   | Killed a catoblepas
  7266 | Lair:1   | Reached skill level 10 in Axes
  7446 | Lair:2   | Noticed an eight-headed hydra
  7449 | Lair:2   | Killed an eight-headed hydra
  7504 | Lair:2   | Found a staircase to the Shoals.
  7828 | Lair:2   | Noticed a boulder beetle
  7828 | Lair:2   | Noticed a five-headed hydra
  7835 | Lair:2   | Killed a five-headed hydra
  7845 | Lair:2   | Noticed a five-headed hydra
  7849 | Lair:2   | Killed a six-headed hydra
  7862 | Lair:2   | Killed a boulder beetle
  7863 | Lair:2   | Reached XP level 12. HP: 91/110 MP: 11/11
  7949 | Lair:2   | Noticed Gastronok
  7955 | Lair:2   | Killed Gastronok
  8020 | Lair:2   | Lost mutation: You are somewhat resistant to further
                  | mutation. [Jiyva's grace]
  8020 | Lair:2   | Lost mutation: Armour fits poorly on your massive
                  | pseudopods. [Jiyva's grace]
  8020 | Lair:2   | Lost mutation: Armour fits poorly on your large pseudopods.
                  | [Jiyva's grace]
  8020 | Lair:2   | Gained mutation: You have acidic saliva. [Jiyva's grace]
  8020 | Lair:2   | Gained mutation: You are partially covered in iridescent
                  | scales. (AC +2) [Jiyva's grace]
  8020 | Lair:2   | Gained mutation: You are mostly covered in iridescent
                  | scales. (AC +4) [Jiyva's grace]
  8020 | Lair:2   | Gained mutation: You are completely covered in iridescent
                  | scales. (AC +6) [Jiyva's grace]
  8506 | Shoals:1 | Entered Level 1 of the Shoals
  8530 | Lair:3   | Noticed Urug
  8577 | Lair:3   | Found a staircase to the Snake Pit.
  8588 | Lair:3   | Noticed a six-headed hydra
  8595 | Lair:3   | Killed a ten-headed hydra
  8907 | Lair:3   | Noticed a boulder beetle
  8925 | Lair:3   | Killed a boulder beetle
  8995 | Lair:3   | Killed Urug
  9136 | Lair:3   | Noticed a death yak
  9146 | Lair:3   | Killed a death yak
  9464 | Snake:1  | Entered Level 1 of the Snake Pit
  9552 | Lair:4   | Noticed a death yak
  9555 | Lair:4   | Noticed a death yak
  9566 | Lair:4   | Killed a death yak
  9570 | Lair:4   | Killed a death yak
  9680 | Lair:4   | Reached XP level 13. HP: 119/119 MP: 12/12
  9708 | Lair:4   | Reached ***** piety under Jiyva
  9815 | Lair:4   | Found a white marble altar of Elyvilon.
  9937 | Lair:4   | Reached skill level 10 in Throwing
  9985 | Lair:4   | Lost mutation: You have large cloven feet. [Jiyva's grace]
  9985 | Lair:4   | Lost mutation: You are completely covered in iridescent
                  | scales. (AC +6) [Jiyva's grace]
  9985 | Lair:4   | Lost mutation: You are mostly covered in iridescent scales.
                  | (AC +4) [Jiyva's grace]
  9985 | Lair:4   | Lost mutation: You have acidic saliva. [Jiyva's grace]
  9985 | Lair:4   | Gained mutation: Armour fits poorly on your large
                  | pseudopods. [Jiyva's grace]
  9985 | Lair:4   | Gained mutation: Armour fits poorly on your massive
                  | pseudopods. [Jiyva's grace]
  9985 | Lair:4   | Gained mutation: Your muscles are strong. (Str +4, Int/Dex
                  | -1) [Jiyva's grace]
  9985 | Lair:4   | Gained mutation: Your muscles are very strong. (Str +8,
                  | Int/Dex -2) [Jiyva's grace]
 10256 | Lair:4   | Identified the +2 pair of gloves "Magolur" {^Contam Will+
                  | Stlth+}
 10303 | Lair:4   | Found a viscous altar of Jiyva.
 10303 | Lair:4   | Found a staircase to the Slime Pits.
 10621 | Slime:1  | Entered Level 1 of the Pits of Slime
 10621 | Slime:1  | Noticed a quicksilver ooze
 10622 | Slime:1  | Noticed an azure jelly
 10622 | Slime:1  | Noticed a rockslime
 10758 | Slime:2  | Noticed a rockslime
 10780 | Slime:2  | Noticed a rockslime
 10844 | Slime:3  | Noticed a quicksilver ooze
 10844 | Slime:3  | Noticed a rockslime
 10900 | Slime:3  | Noticed an acid blob
 10992 | Slime:4  | Noticed a formless jellyfish
 10994 | Slime:4  | Noticed a formless jellyfish
 10994 | Slime:4  | Noticed a formless jellyfish
 11062 | Slime:4  | Noticed a rockslime
 11189 | Slime:5  | Entered Level 5 of the Pits of Slime
 11214 | Slime:5  | Noticed an acid blob
 11214 | Slime:5  | Noticed an acid blob
 11225 | Slime:5  | Noticed a quicksilver ooze
 11245 | Slime:5  | Noticed an acid blob
 11262 | Slime:5  | Noticed an acid blob
 11267 | Slime:5  | Noticed a rockslime
 11269 | Slime:5  | Noticed an acid blob
 11292 | Slime:5  | Found a viscous altar of Jiyva.
 11292 | Slime:5  | Found the +4 robe of Folly {Brill Will-∞ Int+8}
 11305 | Slime:5  | Noticed an acid blob
 11307 | Slime:5  | Noticed the Royal Jelly
 11308 | Slime:5  | Noticed an acid blob
 11313 | Slime:5  | Noticed a rockslime
 11314 | Slime:5  | Noticed a quicksilver ooze
 11323 | Slime:5  | Noticed an acid blob
 11346 | Slime:5  | Noticed a rockslime
 12349 | D:10     | Entered Level 10 of the Dungeon
 12429 | D:10     | Noticed Erica
 12436 | D:10     | Killed Erica
 12566 | D:10     | Found The Oracle's Delphic Readings.
 12866 | D:10     | Found a staircase to the Orcish Mines.
 12877 | Orc:1    | Entered Level 1 of the Orcish Mines
 12883 | Orc:1    | Lost mutation: A frigid envelope surrounds you and freezes
                  | all who hurt you. [Jiyva's grace]
 12883 | Orc:1    | Lost mutation: You have a small jelly attached to you that
                  | senses nearby items. [Jiyva's grace]
 12883 | Orc:1    | Gained mutation: Your natural rate of healing is unusually
                  | fast. [Jiyva's grace]
 12883 | Orc:1    | Gained mutation: You heal very quickly. [Jiyva's grace]
 12883 | Orc:1    | Gained mutation: You regenerate. [Jiyva's grace]
 12883 | Orc:1    | Gained mutation: Your translucent skin slightly reduces
                  | your foes' accuracy. (Stealth+) [Jiyva's grace]
 12936 | Orc:1    | Noticed Erolcha
 12938 | Abyss:2  | Cast into level 2 of the Abyss (Erolcha)
 12973 | Abyss:2  | Reached ****** piety under Jiyva
 13014 | Abyss:3  | Noticed a starcursed mass
 13030 | Abyss:3  | Noticed a tentacled starspawn
 13043 | Abyss:3  | Noticed a cacodemon
 13043 | Abyss:3  | Gained mutation: Potions are less effective at restoring
                  | your health. [a cacodemon]
 13049 | Abyss:3  | Killed a tentacled starspawn
 13050 | Abyss:3  | Noticed a green death
 13054 | Abyss:3  | Killed a cacodemon
 13084 | Abyss:3  | Noticed a daeva
 13084 | Abyss:3  | Noticed an angel
 13089 | Abyss:3  | Noticed a daeva
 13089 | Abyss:3  | Noticed a tentacled starspawn
 13090 | Abyss:3  | Noticed an angel
 13095 | Abyss:3  | HP: 5/122 [daeva/divine providence (10)]
 13096 | Abyss:3  | Killed from afar by a daeva

Illustrated notes

Levels and vault maps discovered:
D:1:      matt_arrival_refuge, layout_loops_ring, serial_bayou_pond_d
D:2:      layout_loops_ring, dreamdust_princess_corridor, due_unseen_surprise
D:3:      layout_rooms
D:4:      layout_cave_pools, minmay_temple_entry_proselytizer,
          mainiacjoe_sewer_entry_somewhere_in_here_2, grunt_ministairs_13,
          minmay_goblin_outpost
D:5:      layout_loops_corners, jmf_multi_god_temple,
          nicolae_uskayaw_murder_on_the_dancefloor
D:6:      layout_basic
D:7:      layout_gridville, lemuel_coloured_pillars_altar,
          kennysheep_generic_room_2
D:8:      layout_rooms, kennysheep_mini, david_lair_generic
D:9:      layout_roguey [special_room_orc]
D:10:     layout_roguey, orc_0_dummy, nicolae_nh_oracle_at_delphi, uniq_erica
Temple:   minmay_temple_bridge_d
Lair:1:   layout_gridlike, hellmonk_guarded_unrand_zhor, serial_bayou_shore_b,
          uniq_sonja
Lair:2:   nzn_winding_woodlands_small [nzn_winding_woodlands_5x15_lazy_stream,
          nzn_winding_woodlands_center_pierced_h,
          nzn_winding_woodlands_5x15_pathside_ponds], layout_hall_layers,
          shoals_dummy_entry, infiniplex_staircase_pool_2, lemuel_fruit_fields,
          grunt_megastairs_3, uniq_gastronok
Lair:3:   layout_chaotic_city, minmay_snake_entry_six_corridors,
          chequers_serial_rivers_small_b, roderic_batcave, uniq_urug
Lair:4:   beast_lair_carwin_large_3, layout_cave_pods,
          dpeg_slime_entry_enclosed, basic_altar, st_stairs_7,
          roderic_carrion_pond
Shoals:1: layout_shoals, st_sunken_huts
Snake:1:  layout_rooms, serial_shops, shop
Slime:1:  layout_caves
Slime:2:  layout_caves
Slime:3:  layout_caves
Slime:4:  layout_caves
Slime:5:  slime_pit
Orc:1:    layout_diamond_mine, special_room [special_room_bee], uniq_erolcha
Abyss:3:  base: Snake:3, guppyfry_abyss_exit_glass_guarded,
          gammafunk_corrupted_shrine, grunt_abyss_exit_deep_breaths,
          hangedman_abyss_or_decor_jellyfish_corner,
          skrybe_abyss_rune_heretic_angels

Skill      XL: |  1  2  3  4  5  6  7  8  9 10 11 12 13 |
---------------+----------------------------------------+-----
Armour         | 4 5 6 7 8 10 11 12 13 | 13.6
Shields        | 4 5 6 7 8 9 11 12 13 | 13.5
Fighting       | 4 5 6 7 8 10 11 12 13 | 13.5
Axes           | 3 4 5 6 8 9 11 12 13 | 13.3
Throwing       | 1 2 4 5 7 8 9 10 | 10.7

Action                     |  1- 3 |  4- 6 |  7- 9 | 10-12 | 13-15 || total
---------------------------+-------+-------+-------+-------+-------++-------
  Melee: War axe           |    53 |   170 |   228 |   150 |   170 ||   771
         Headbutt          |     9 |    19 |    45 |    23 |    45 ||   141
         Kick              |       |       |     8 |    52 |    17 ||    77
         Pseudopods        |       |       |       |    32 |    37 ||    69
         Trident           |       |       |       |     2 |       ||     2
         Bite              |       |       |       |    14 |     9 ||    23
  Throw: Javelin           |       |       |    31 |    18 |       ||    49
         Dart              |       |       |       |    20 |       ||    20
 Invoke: Oozemancy         |       |       |     2 |     4 |     3 ||     9
         Slimify           |       |       |     1 |     1 |       ||     2
  Evoke: Wand              |       |       |       |     3 |     4 ||     7
         Lightning rod     |       |       |       |     3 |     2 ||     5
         Box of beasts     |       |       |       |       |     1 ||     1
    Use: Potion            |     2 |       |    11 |       |     4 ||    17
         Scroll            |       |     3 |     5 |       |     8 ||    16
   Stab: Distracted        |       |       |       |     4 |       ||     4
         Petrified         |       |       |       |       |     1 ||     1
 Armour: Scale mail        |    21 |       |       |       |       ||    21
         Plate armour      |    24 |   170 |   234 |   143 |   139 ||   710
  Dodge: Dodged            |    25 |    44 |    53 |    27 |    52 ||   201
  Block: Buckler           |     9 |    38 |    73 |    51 |    56 ||   227
